 Dungeon Crawl Stone Soup version 0.17-a0-2171-ga91b4ec (webtiles) character file.

143 mrath the Chiller (level 5, -1/38 HPs)
             Began as a Merfolk Ice Elementalist on Oct 26, 2015.
             Slain by a wyvern skeleton (4 damage)
             ... on level 3 of the Dungeon.
             The game lasted 00:25:56 (3432 turns).

mrath the Chiller (Merfolk Ice Elementalist)        Turns: 3432, Time: 00:25:57

Health: -1/38      AC:  4    Str:  8    XL:     5   Next: 25%
Magic:  9/9        EV: 14    Int: 14    God:
Gold:   118        SH:  0    Dex: 16    Spells: 2 memorised, 6 levels left

rFire  . . .     SeeInvis .     g - +0 club
rCold  . . .     Clarity  .     a - +0 robe
rNeg   . . .     SustAt   .     (no shield)
rPois  .         Gourm    .     (no helmet)
rElec  .         Spirit   .     m - +0 cloak
rCorr  .         Warding  .     h - +0 pair of gloves
rMut   .         Stasis   .     (no boots)
MR     .....                    (no amulet)
Stlth  ++........               (no ring)
                                (no ring)

@: not resistant to hostile enchantments, unstealthy
A: change form in water, swift swim
a: no special abilities


You were on level 3 of the Dungeon.
You were not hungry.

You visited 1 branch of the dungeon, and saw 3 of its levels.

You collected 118 gold pieces.

Inventory:

Hand Weapons
 g - a +0 club (weapon)
 n - a +0 hunting sling
 p - a +0 hand axe
 s - a +0 antimagic dagger
 t - a +0 hunting sling
Missiles
 k - 41 stones (quivered)
Armour
 a - a +0 robe (worn)
 h - a +0 pair of gloves (worn)
 l - a +0 leather armour
 m - a +0 cloak (worn)
Jewellery
 u - an uncursed ring of wizardry {unknown}
Scrolls
 d - 3 scrolls of identify {unknown}
 i - 3 scrolls of teleportation {unknown}
 o - a scroll of remove curse {unknown}
 r - 3 scrolls of amnesia {unknown}
 w - a scroll of noise {unknown}
Potions
 e - a potion of invisibility {unknown}
 f - 2 potions of lignification {unknown}
 q - a potion of resistance {unknown}
 v - a potion of agility {unknown}
Books
 b - a book of Frost

   Spells                             Type                      Level
   a - Freeze                         Ice                          1
   b - Throw Frost                    Conjuration/Ice              2
   c - Ozocubu's Armour               Charms/Ice                   3
   d - Throw Icicle                   Conjuration/Ice              4
   e - Summon Ice Beast               Ice/Summoning                4
   f - Condensation Shield            Ice                          4
Comestibles
 c - a bread ration
 j - 2 chunks of flesh


   Skills:
 + Level 2.1 Fighting
 + Level 4.2 Dodging
 - Level 2.1 Stealth
 + Level 2.7 Spellcasting
 - Level 0.7 Conjurations
 + Level 4.4 Ice Magic


You had 6 spell levels left.
You knew the following spells:

 Your Spells              Type           Power        Failure   Level  Hunger
a - Freeze                Ice            ##..         3%          1    #......
b - Throw Frost           Conj/Ice       #.....       14%         2    ###....


Dungeon Overview and Level Annotations

Branches:
Dungeon (3/15)

Altars:


Message History

You hit the wyvern skeleton. The wyvern skeleton closely misses you.
You hit the wyvern skeleton. The wyvern skeleton closely misses you.
The wyvern skeleton bites you!
You hit the wyvern skeleton. The wyvern skeleton bites you.
* * * LOW HITPOINT WARNING * * *
The wyvern skeleton bites you but does no damage.
You hit the wyvern skeleton but do no damage.
The wyvern skeleton bites you.
* * * LOW HITPOINT WARNING * * *
You hit the wyvern skeleton but do no damage.
The wyvern skeleton bites you.
* * * LOW HITPOINT WARNING * * *
The wyvern skeleton barely misses you.
You hit the wyvern skeleton. The wyvern skeleton closely misses you.
The wyvern skeleton closely misses you.
You hit the wyvern skeleton. The wyvern skeleton barely misses you.
You hit the wyvern skeleton. The wyvern skeleton closely misses you.
The wyvern skeleton closely misses you.
You barely miss the wyvern skeleton. The wyvern skeleton bites you.
You die...

........#.รท..###.........#
...##.#...#............#...
#..#.##.###.####...#........
...##.#.###.# #....######...
...#.##^##..###..### .
........##.#.....#
#..#..###....##..#
#..........###..Z#######
#...##..........@#......
...##..##..........#########
......###.....<...###......###..
..#..## #..........#........#...
.....## #...<....#.>............
......###.......................
...............####.............
......####.......##.............
......#####...##................


You could see a wyvern skeleton.

Vanquished Creatures
  A crimson imp (D:3)
  An iguana (D:2)
  An ooze (D:1)
  4 worms
  3 giant geckos
  2 orcs (D:2)
  4 giant cockroaches
  6 goblins
  10 hobgoblins
  6 jackals
  A ball python (D:3)
  8 bats
  5 giant newts
  3 kobolds
  6 rats
61 creatures vanquished.

Notes
Turn   | Place    | Note
--------------------------------------------------------------
     0 | D:1      | mrath the Merfolk Ice Elementalist began the quest for the Orb.
     0 | D:1      | Reached XP level 1. HP: 13/13 MP: 3/3
    66 | D:1      | You fall through a shaft!
   298 | D:2      | Reached XP level 2. HP: 11/20 MP: 0/5
  1026 | D:1      | Learned a level 2 spell: Throw Frost
  1248 | D:1      | Reached XP level 3. HP: 23/25 MP: 4/6
  1716 | D:1      | Reached skill level 1 in Fighting
  1745 | D:1      | Reached skill level 4 in Ice Magic
  2531 | D:2      | Reached XP level 4. HP: 32/32 MP: 7/7
  3091 | D:2      | Reached XP level 5. HP: 34/38 MP: 3/9
  3432 | D:3      | Slain by a wyvern skeleton

Vault maps used:
D:1:      lightli_arrival_statuegarden, hex_medium
D:3:      minmay_misc_feat_tiny, minivault_23

Action                   |  1- 3 |  4- 6 || total
-------------------------+-------+-------++-------
Melee: Club              |    76 |    15 ||    91
       Unarmed           |     5 |       ||     5
Throw: Stone             |    28 |    35 ||    63
 Cast: Freeze            |    52 |    35 ||    87
       Throw Frost       |       |     3 ||     3
 Stab: Sleeping          |     4 |     1 ||     5
  Eat: Chunk             |     2 |     3 ||     5
       Bread ration      |     1 |       ||     1
